 Dungeon Sprint DCSS version 0.31-a0-37-g98a128e1d9 (webtiles) character file.

Game seed: 2845267200822216306

0 sircluck the Ruffian (level 1, -1/22 HPs)
             Began as a Troll Berserker on May 15, 2023.
             Was a Follower of Trog.
             Slain by an unseen horror (4 damage)
             ... in the Dungeon (Sprint VII: "The Pits").
             The game lasted 00:00:08 (21 turns).

sircluck the Ruffian (Troll Berserker)                Turns: 21, Time: 00:00:08

Health: -1/22      AC:  4    Str: 24    XL:     1   Next: 8%
Magic:  0/0        EV: 10    Int:  3    God:    Trog [*.....]
Gold:   0          SH:  0    Dex:  9    Spells: 0/0 levels left

rFire   . .          .
                       - Unarmed
rCold   . . .        (no shield)
rNeg    . . .        a - +0 animal skin
rPois   .            (helmet restricted)
rElec   .            (no cloak)
rCorr   .            (gloves unavailable)
SInv    .            (boots unavailable)
Will    .....        (no amulet)
Stlth   +            (no ring)
HPRegen 1.03/turn    (no ring)
MPRegen 0.07/turn

%: no teleportation
@: mesmerised
A: large, unfitting armour, claws 3, regeneration 1, shaggy fur 1, tough skin 1
a: Renounce Religion, Berserk


You were in the Dungeon.
You worshipped Trog.
Trog was aware of your devotion.
You visited 1 branch

Inventory:

Armour
 a - a +0 animal skin (worn)
Scrolls
 g - a scroll of blinking
Potions
 b - a potion of curing
 c - a potion of heal wounds
 d - a potion of haste
 e - 2 potions of magic
 f - a potion of berserk rage


   Skills:
 + Level 2.5 Fighting
 + Level 2.5 Dodging
 + Level 3.1 Unarmed Combat


You couldn't memorise any spells.
You didn't know any spells.
Your spell library was empty.

Dungeon Overview and Level Annotations

Branches:
Dungeon (1/1)

Altars:


Innate Abilities, Weirdness & Mutations

You are too large for most types of armour.
You have claws for hands.
Your natural rate of healing is unusually fast.
You are covered in fur. (AC +1)
You have tough skin. (AC +1)


Message History

You claw the jackal skeleton!
You destroy the jackal skeleton!
Trog accepts your kill. Something hits you.
The merfolk siren chants its luring song.
You are too injured to fight recklessly!
You are too injured to fight recklessly!
You are too injured to fight recklessly!
You are too injured to fight recklessly!
You are too injured to fight recklessly!
You are too injured to fight recklessly!
You are too injured to fight recklessly!
You are too injured to fight recklessly!
You are too injured to fight recklessly!
You are too injured to fight recklessly!
Unknown command.
You are too mesmerised to rage.
Something hits you.
* * * LOW HITPOINT WARNING * * *
The merfolk siren chants its luring song.
The merfolk siren chants its luring song.
Something hits you but does no damage.
You claw the merfolk siren!
The merfolk siren is moderately wounded.
Something hits you but does no damage.
The merfolk siren chants its luring song.
You barely miss the merfolk siren.
The merfolk siren is moderately wounded.
Something hits you.
* * * LOW HITPOINT WARNING * * *
The merfolk siren barely misses you.
You claw the merfolk siren! Your claw misses the merfolk siren.
The merfolk siren is heavily wounded.
Something hits you.
* * * LOW HITPOINT WARNING * * *
The merfolk siren chants its luring song.
You scratch the merfolk siren but do no damage.
The merfolk siren is heavily wounded.
Something hits you.
You die...

#................+
+................+
#......#..#......#
#................#
####'#####''######
#.......##''###
#.......##....#
#.......##...##
#...<...##@{##
#.......##m.#
#.......##..+
#.......##.##
############


You could see a merfolk siren (mesmerising).

Vanquished Creatures
  A jackal skeleton (D)
1 creature vanquished.

Notes
Turn   | Place    | Note
-------+----------+-------------------------------------------
     0 | D        | sircluck the Troll Berserker began the quest for the Orb.
     0 | D        | Reached XP level 1. HP: 22/22 MP: 0/0
    12 | D        | Noticed a merfolk siren
    21 | D        | Slain by an unseen horror

Illustrated notes

Levels and vault maps discovered:
D:        pitsprint [storerooms_1, entrance_room_1, metal_vault_7, armoury_3,
          mini_pit_1, grid_room_1, main_hall_1, silver_pit, the_coven_3,
          the_vestibule_1, steel_vault_1, golden_pit, hallway_of_sentries,
          crystal_vault_6, iron_vault_5, final_vault]

Action                     || total
---------------------------++-------
  Melee: Unarmed           ||     5
 Armour: Animal skin       ||     5
  Dodge: Dodged            ||     1

Table legend: (Time is in decaauts)
 A = Elapsed time spent in this place.
 B = Non-inter-level travel time spent in this place.
 C = Inter-level travel time spent in this place.
 D = Time resting spent in this place.
 E = Time spent auto-exploring this place.
 F = Levels seen in this place.
 G = Mean time per level.
                   A        B        C        D        E       F      G
               +--------+--------+--------+--------+--------+-----+--------+
         Total |     20 |     20 |      0 |      0 |     11 |   1 |   20.0 |
       Dungeon |     20 |     20 |      0 |      0 |     11 |   1 |   20.0 |
               +--------+--------+--------+--------+--------+-----+--------+

Top non-repeatable levels by time:
       D: 20 daAuts
